 Dungeon Crawl Stone Soup version 0.22.0-27-ga576289 (webtiles) character file.

21 KLATTERAL the Grasshopper (level 2, -2/15 HPs)
             Began as a Spriggan Warper on Aug 21, 2018.
             Slain by a worm (8 damage)
             ... on level 2 of the Dungeon.
             The game lasted 00:03:58 (531 turns).

KLATTERAL the Grasshopper (Spriggan Warper)          Turns: 531, Time: 00:03:59

Health: -2/15      AC:  3    Str:  7    XL:     2   Next: 65%
Magic:  5/7        EV: 19    Int: 14    God:
Gold:   35         SH:  0    Dex: 15    Spells: 5/7 levels left

rFire    . . .     SeeInvis +   h - +0 hand axe (freeze)
rCold    . . .     Gourm    .   (shield restricted)
rNeg     . . .     Faith    .   b - +0 robe
rPois    .         Spirit   .   (helmet restricted)
rElec    .         Reflect  .   i - +0 cloak
rCorr    .         Harm     .   (gloves unavailable)
MR       .....                  (boots unavailable)
Stlth    ++........             (no amulet)
HPRegen  0.05/turn              (no ring)
MPRegen  0.10/turn              (no ring)

@: very quick
A: very small, unfitting armour, see invisible, herbivore, speed 3, slow
metabolism 2
a: no special abilities


You were on level 2 of the Dungeon.
You were not hungry.

You visited 1 branch of the dungeon, and saw 2 of its levels.

You collected 35 gold pieces.

Inventory:

Hand Weapons
 a - a +0 falchion
 h - a +0 hand axe of freezing (weapon)
Missiles
 e - 5 tomahawks of dispersal (quivered)
Armour
 b - a +0 robe (worn)
 c - a cursed -1 leather armour
 i - a +0 cloak (worn)
Wands
 l - a wand of iceblast (9)
Scrolls
 d - a scroll of blinking
 j - a scroll of identify {unknown}
Potions
 g - a potion of invisibility {unknown}
 k - 2 potions of might {unknown}
Comestibles
 f - a ration


   Skills:
 + Level 1.7 Fighting
 + Level 1.7 Long Blades
 + Level 0.2 Axes
 - Level 1.0 Throwing
 * Level 4.1 Dodging
 + Level 0.5 Stealth
 + Level 3.0 Spellcasting
 + Level 4.5 Translocations


You had 5 spell levels left.
You knew the following spells:

 Your Spells              Type           Power        Failure   Level  Hunger
a - Blink                 Tloc           N/A          4%          2    ##.....

Your spell library contained the following spells:

 Spells                   Type           Power        Failure   Level  Hunger
 Gell's Gravitas          Tloc           ##........   10%         3    ###....
 Lesser Beckoning         Tloc           ##........   10%         3    ###....
 Teleport Other           Tloc           ##......     10%         3    ###....
 Shroud of Golubria       Chrm/Tloc      #.........   13%         2    ##.....
 Passage of Golubria      Tloc           N/A          32%         4    #####..


Dungeon Overview and Level Annotations

Branches:
Dungeon (1/15)

Altars:


Innate Abilities, Weirdness & Mutations

You are very small and have problems with some larger weapons.
You are too small for most types of armour.
You have supernaturally acute eyesight. (SInv)
You are a herbivore.
You cover ground extremely quickly.
You need to consume almost no food.


Message History

The frilled lizard hisses angrily.
You hit the worm. You freeze the worm.
The worm is moderately wounded.
The worm closely misses you.
You hit the worm but do no damage.
The worm is moderately wounded.
The worm bites you!
Ouch! That really hurt!
You hit the worm but do no damage.
The worm is lightly wounded.
The worm misses you.
Casting: Blink (safe; 4% risk of failure)
Confirm with . or Enter, or press ? or * to list all spells.
You blink.
The frilled lizard bites you but does no damage.
You miss the frilled lizard. You barely miss the worm.
The frilled lizard completely misses you.
The worm bites you!
Ouch! That really hurt!
You die...

#.#...)#..###
#.#..#..#...
.......... ##
#.#..#..# .
..##..#..#.# # ...
.........# .#
.....#.#...####.###
#..w@l...ยง....#
......)...#<......#
..#..#..###..##...#
#..#...# #..# ...#
........###..#.#..#
###.....##...#.#..#
###.####.#......#
#. #.#...####
#.#####


You could see a worm and a frilled lizard.

Vanquished Creatures
  An adder (D:2)
  A worm (D:2)
  A dart slug (D:1)
  A bat (D:2)
  A hobgoblin (D:1)
  A kobold (D:1)
  A frilled lizard (D:1)
  A rat (D:1)
8 creatures vanquished.

Notes
Turn   | Place    | Note
-------+----------+-------------------------------------------
     0 | D:1      | KLATTERAL the Spriggan Warper began the quest for the Orb.
     0 | D:1      | Reached XP level 1. HP: 10/10 MP: 5/5
   161 | D:1      | You fall through a shaft!
   195 | D:2      | Reached XP level 2. HP: 12/15 MP: 6/6
   200 | D:2      | Learned a level 2 spell: Blink
   531 | D:2      | Slain by a worm

Skill      XL: |  1  2 |
---------------+-------+-----
Dodging        | 4 |  4.1
Spellcasting   | 3 |  3.0
Fighting       | |  1.7
Long Blades    | |  1.7
Axes           | |  0.2
Throwing       | |  1.0
Stealth        | |  0.5
Translocations | |  4.5

Action                   || total
-------------------------++-------
Melee: Hand axe          ||    45
 Cast: Blink             ||     3
 Stab: Sleeping          ||     1
Armor: Robe              ||     1
Dodge: Dodged            ||    41
